Map: Ephemeron LE

Players

ViBE - Winner!

  • Race: Zerg Zerg
  • League: Platinum
  • Spawn Location: 11:00

Gowrak

  • Race: Zerg Zerg
  • League: Platinum
  • Spawn Location: 5:00

VOD

Have the link to the VOD?

Description

Time

  • Played on: Dec. 10, 2019, 10:43 p.m.
  • Length: 10:16
Show
View Real Time Build Order
Export as new Build Order

ViBE Zerg - Winner!

Build Orders: Hatch First, Lurkers, Roach Hydra 

Get SALT Encoding   

  12  0:01  Drone  
  13  0:16  Overlord  
  13  0:19  Drone  
  14  0:34  Drone x2  
  16  0:51  Hatchery  
  16  0:54  Drone  
  16  1:00  Drone  
  17  1:10  Drone  
  18  1:17  Spawning Pool  
  17  1:19  Drone  
  17  1:23  Drone  
  19  1:33  Drone  
  19  1:39  Extractor  
  19  1:53  Overlord  
  19  1:59  Drone  
  20  2:08  Queen  
  20  2:09  Queen  
  20  2:11  Zergling x4  
  26  2:16  Drone x2  
  28  2:27  Drone x2  
  30  2:44  Drone x2  
  30  2:45  Lair  
  30  2:46  Queen  
  30  2:50  Overlord  
  34  2:54  Overlord  
  34  3:05  Drone x2  
  36  3:10  Drone  
  36  3:11  Drone  
  37  3:17  Roach Warren  
  37  3:18  Drone  
  37  3:19  Drone x4  
  41  3:21  Drone  
  42  3:27  Drone x2  
  42  3:30  Extractor x2  
  42  3:32  Overlord  
  42  3:39  Drone  
  43  3:46  Drone x2  
  45  3:51  Drone x4  
  45  3:52  Drone x2  
  51  3:57  Glial Reconstitution  
  51  4:02  Evolution Chamber  
  50  4:12  Hatchery  
  49  4:18  Overlord  
  49  4:23  Roach x5  
  59  4:34  Overlord  
  59  4:41  Roach x4  
  59  4:45  Zerg Missile Weapons Level 1  
  67  4:54  Overlord  
  67  5:01  Drone x2  
  67  5:02  Drone x6  
  75  5:10  Overlord x2  
  75  5:12  Queen  
  76  5:16  Drone  
  76  5:20  Overseer  
  77  5:21  Overlord  
  77  5:29  Drone x8  
  85  5:36  Extractor  
  85  5:37  Extractor  
  83  5:51  Drone x3  
  83  5:52  Drone x3  
  83  5:56  Hydralisk Den  
  88  5:57  Evolution Chamber  
  88  5:59  Extractor  
  88  6:02  Drone x3  
  88  6:03  Drone x3  
  92  6:17  Drone  
  93  6:27  Hatchery  
  93  6:29  Drone  
  93  6:33  Roach x2  
  93  6:34  Roach x4, Overlord x5  
  93  6:37  Zerg Ground Armor Level 1, Grooved Spines  
  105  6:41  Zerg Missile Weapons Level 2  
  105  6:47  Overlord x2  
  105  6:48  Overlord  
  105  7:02  Hydralisk x4  
  105  7:03  Hydralisk x2  
  105  7:05  Hydralisk  
  119  7:12  Roach  
  121  7:19  Roach x10  
  121  7:21  Overlord  
  141  7:24  Overseer  
  142  7:30  Drone  
  142  7:31  Lurker Den  
  142  7:33  Overlord x3  
  141  7:43  Roach x5  
  151  7:48  Muscular Augments  
  151  7:54  Hydralisk x8  
  167  8:04  Roach  
  167  8:05  Roach x2  
  173  8:15  Hydralisk x10  
  193  8:23  Roach x3  
  193  8:26  Drone  
  200  8:28  Overseer  
  200  8:29  Overseer  
  200  8:36  Infestation Pit  
  200  8:38  Drone  
  198  9:12  Hydralisk x5  
  198  9:13  Hydralisk x2  
  198  9:14  Hydralisk x2  
  198  9:15  Hydralisk  
  198  9:16  Hydralisk x2  
  198  9:21  Spine Crawler  
  198  9:22  Spine Crawler x2, Drone x4  
  198  9:23  Spine Crawler  
  168  9:29  Drone x3  
  168  9:30  Drone  
  146  9:33  Spine Crawler x2, Hydralisk x3  
  146  9:35  Spine Crawler  
  146  9:36  Spine Crawler  
  138  9:38  Lurker  
  138  9:39  Lurker  
  138  9:44  Lurker  
  141  9:50  Lurker  
Show
View Real Time Build Order
Export as new Build Order

Gowrak Zerg 

Build Orders: Hatch First, Roach Hydra 

Get SALT Encoding   

  12  0:01  Drone  
  13  0:12  Overlord  
  13  0:21  Drone  
  14  0:30  Drone  
  14  0:31  Drone  
  16  0:36  Overlord  
  16  0:58  Hatchery  
  16  1:02  Drone  
  16  1:05  Drone  
  16  1:08  Drone  
  18  1:30  Extractor  
  18  1:31  Spawning Pool  
  18  1:32  Drone x2  
  18  1:39  Drone  
  19  1:49  Drone  
  20  2:00  Drone  
  21  2:11  Drone x2  
  23  2:18  Queen x2  
  23  2:21  Drone x2  
  29  2:31  Drone  
  30  2:38  Drone  
  30  2:40  Roach Warren  
  30  2:42  Drone  
  30  2:43  Drone  
  32  3:00  Lair  
  32  3:01  Drone x2  
  34  3:08  Overlord  
  34  3:15  Overlord  
  34  3:20  Overlord  
  34  3:26  Queen  
  36  3:32  Overlord  
  36  3:35  Drone  
  36  3:36  Drone x7  
  36  3:40  Extractor  
  43  3:42  Extractor  
  42  3:49  Drone x2  
  43  4:03  Drone x3  
  43  4:04  Drone  
  43  4:05  Drone  
  48  4:12  Evolution Chamber  
  48  4:15  Hatchery  
  46  4:25  Drone  
  46  4:28  Drone x2  
  50  4:38  Drone x2  
  50  4:39  Drone x2  
  50  4:40  Drone x3, Overlord  
  50  4:45  Evolution Chamber  
  55  4:47  Glial Reconstitution  
  55  4:48  Hydralisk Den  
  55  4:49  Zerg Missile Weapons Level 1  
  54  5:01  Drone x3  
  54  5:02  Overlord  
  57  5:11  Zerg Ground Armor Level 1  
  57  5:14  Drone x3  
  58  5:15  Overlord  
  60  5:28  Grooved Spines, Overlord  
  60  5:29  Roach  
  60  5:30  Roach x3  
  60  5:34  Queen  
  70  5:41  Hatchery  
  69  5:42  Overlord  
  69  5:43  Overlord  
  69  5:53  Overlord  
  69  5:54  Drone x4  
  69  5:55  Drone x3  
  76  6:03  Extractor  
  75  6:05  Overlord  
  75  6:06  Extractor, Hydralisk x3  
  80  6:14  Roach  
  80  6:16  Overseer  
  82  6:20  Overlord  
  82  6:21  Overlord  
  82  6:22  Roach x4  
  90  6:31  Roach, Drone  
  93  6:33  Drone  
  94  6:41  Muscular Augments  
  94  6:42  Hydralisk x3  
  100  6:51  Roach x4  
  108  6:54  Queen  
  108  6:56  Drone  
  111  7:03  Drone x3  
  111  7:05  Drone x2  
  111  7:06  Drone  
  111  7:08  Zerg Missile Weapons Level 2  
  117  7:18  Overlord  
  117  7:19  Roach x4  
  117  7:20  Roach x4  
  133  7:25  Drone x2  
  133  7:26  Overlord  
  135  7:36  Roach x6  
  147  7:49  Drone x3  
  147  7:50  Drone, Overlord x3  
  151  8:00  Overlord x2  
  151  8:01  Hydralisk x4  
  159  8:11  Infestation Pit  
  159  8:12  Hydralisk  
  160  8:14  Roach  
  160  8:15  Roach  
  164  8:20  Extractor  
  164  8:23  Extractor, Hydralisk x2  
  164  8:25  Overlord  
  164  8:26  Roach x2  
  170  8:28  Drone  
  170  8:29  Drone  
  172  8:35  Hydralisk x2  
  176  8:44  Roach x3  
  176  8:45  Roach x3  
  186  8:56  Hydralisk x2  
  192  9:06  Hydralisk  
  192  9:07  Hydralisk  
  192  9:08  Roach  
  192  9:09  Overlord  
  189  9:13  Hydralisk x3  
  189  9:15  Roach x2  
  176  9:19  Hydralisk x2  
  138  9:29  Hydralisk x3  
  122  9:36  Hydralisk x2  
  100  9:38  Roach  
  100  9:47  Hydralisk  
  100  9:48  Hatchery, Hydralisk x2  
  100  9:52  Hydralisk  
Tags
 
Add a new tag
Caveats
  • Supply blocks, unpowered buildings, or Contaminate may cause inaccurate times.
  • Supply counts are checked every 10 seconds.